 Dungeon Crawl Stone Soup version 0.27-a0-1081-ge8a0a9c698 (webtiles) character file.

Game seed: 17679688553718925494

139 shoop the Chopper (level 5, -1/47 HPs)
             Began as a Hill Orc Fighter on Apr 25, 2021.
             Slain by Pikel
             ... wielding a +2 whip of freezing
              (2 damage)
             ... on level 4 of the Dungeon.
             The game lasted 00:05:16 (2913 turns).

shoop the Chopper (Hill Orc Fighter)                Turns: 2913, Time: 00:05:17

Health: -1/47      AC:  8    Str: 20    XL:     5   Next: 22%
Magic:  5/5        EV:  7    Int:  8    God:
Gold:   74         SH:  9    Dex: 10    Spells: 4/4 levels left

rFire    . . .     SeeInvis .   a - +0 war axe
rCold    . . .     Faith    .   c - +0 kite shield
rNeg     . . .     Spirit   .   b - +0 scale mail
rPois    .         Reflect  .   (no helmet)
rElec    .         Harm     .   (no cloak)
rCorr    .         Rampage  .   (no gloves)
Will     .....                  m - +0 pair of boots
Stlth    ..........             (no amulet)
HPRegen  0.15/turn              (no ring)
MPRegen  0.09/turn              (no ring)

@: mighty
A: no striking features
a: no special abilities


You were on level 4 of the Dungeon.
You visited 1 branch of the dungeon, and saw 4 of its levels.

You collected 113 gold pieces.
You spent 39 gold pieces at shops.

Inventory:

Hand Weapons
 a - a +0 war axe (weapon)
Missiles
 o - 18 poisoned darts (quivered)
Armour
 b - a +0 scale mail (worn)
 c - a +0 kite shield (worn)
 m - a +0 pair of boots (worn)
Scrolls
 e - 3 scrolls of identify {unknown}
 f - a scroll of vulnerability {unknown}
 h - a scroll of noise {unknown}
 i - a scroll of enchant armour {unknown}
 j - a scroll of silence {unknown}
 n - a scroll of teleportation {unknown}
 p - a scroll of enchant weapon {unknown}
 r - a scroll of torment {unknown}
 s - a scroll of magic mapping {unknown}
Potions
 g - a potion of lignification {unknown}
 k - a potion of haste {unknown}
 l - a potion of heal wounds {unknown}
 t - a potion of mutation {unknown}


   Skills:
 + Level 4.6 Fighting
 * Level 5.1 Axes
 + Level 0.8 Throwing
 - Level 4.0 Armour
 - Level 3.2 Shields


You had 4 spell levels left.
You didn't know any spells.
Your spell library was empty.

Dungeon Overview and Level Annotations

Branches:
Dungeon (4/15)
 Temple: D:4-7

Altars:

Shops:
D:1 !

Annotations:
D:3 Sigmund
D:4 Pikel


Message History

Pikel hits you with a +2 whip of freezing!
Pikel freezes you.
You miss Pikel.
Pikel is heavily wounded.
You barely miss the lemure. You block Pikel's attack. The lemure hits you.
You miss Pikel.
Pikel is heavily wounded.
You barely miss the lemure.
Pikel hits you with a +2 whip of freezing.
Pikel freezes you.
A lemure comes into view.
The lemure barely misses you.
Pikel hits you with a +2 whip of freezing.
Pikel freezes you. The lemure hits you but does no damage.
Unknown command.
You hit Pikel.
Pikel is heavily wounded.
Pikel hits you but does no damage.
Your shield prevents you from hitting Pikel.
Pikel is heavily wounded.
Pikel completely misses you.
Pikel hits you with a +2 whip of freezing!
* * * LOW HITPOINT WARNING * * *
Pikel freezes you.
* * * LOW HITPOINT WARNING * * *
You feel very mighty all of a sudden.
Pikel hits you with a +2 whip of freezing.
* * * LOW HITPOINT WARNING * * *
Pikel freezes you.
* * * LOW HITPOINT WARNING * * *
Unknown command.
You closely miss Pikel.
Pikel is heavily wounded.
Pikel waves his whip at you. Pikel hits you but does no damage.
You barely miss Pikel.
Pikel is heavily wounded.
Pikel hits you with a +2 whip of freezing.
You die...

#....#####.#####.#
#..[.............#
#...5##........###
#..............#
#....##........#
#....##555.....#
##.#####5#+#####
#. #K# #. #@# ..
#.# #.# #+#


You could see Pikel and 4 lemures.

Vanquished Creatures
  Jessica (D:3)
  A howler monkey skeleton (D:3)
  3 adders
  A worm (D:3)
  4 dart slugs
  An orc (D:3)
  4 bats
  7 endoplasms
  A giant cockroach (D:3)
  6 goblins
  2 hobgoblins (D:1)
  13 jackals
  4 kobolds
  4 quokkas
  2 ball pythons
  A frilled lizard (D:2)
  3 rats
58 creatures vanquished.

Vanquished Creatures (others)
  A plant (D:1)
1 creature vanquished.

Grand Total: 59 creatures vanquished

Notes
Turn   | Place    | Note
-------+----------+-------------------------------------------
     0 | D:1      | shoop the Hill Orc Fighter began the quest for the Orb.
     0 | D:1      | Reached XP level 1. HP: 19/19 MP: 1/1
    98 | D:1      | Reached skill level 3 in Axes
   104 | D:1      | Reached XP level 2. HP: 25/27 MP: 2/2
   188 | D:1      | Found Kimed's Distillery.
   565 | D:1      | Reached XP level 3. HP: 33/33 MP: 3/3
   652 | D:1      | Found a faded altar of an unknown god.
   840 | D:1      | Reached skill level 4 in Axes
  1142 | D:2      | Reached XP level 4. HP: 40/40 MP: 4/4
  1847 | D:3      | Noticed Jessica
  1859 | D:3      | Killed Jessica
  1940 | D:3      | Reached skill level 5 in Axes
  1940 | D:3      | Reached XP level 5. HP: 26/47 MP: 5/5
  2163 | D:3      | Noticed Sigmund
  2230 | D:1      | Bought a potion of curing for 39 gold pieces
  2890 | D:4      | Noticed a lemure
  2893 | D:4      | Noticed Pikel
  2896 | D:4      | Noticed a lemure
  2897 | D:4      | Noticed a lemure
  2903 | D:4      | Noticed a lemure
  2911 | D:4      | HP: 1/47 [Pikel/+2 whip of freezing (2)]
  2913 | D:4      | Slain by Pikel

Illustrated notes

Levels and vault maps discovered:
D:1:      dpeg_arrival_oval, layout_rooms, chequers_ecumenical_altar_lobes,
          serial_shops, nicolae_shop_stone
D:2:      layout_basic
D:3:      layout_basic, minmay_misc_feat_iff, st_stairs_7, minivault_25,
          grunt_ministairs_2, uniq_jessica, uniq_sigmund
D:4:      layout_basic, nicolae_dithmenos_shadow_blocks,
          gammafunk_ghost_cemetery, uniq_pikel, uniq_grinder, uniq_edmund

Skill      XL: |  1  2  3  4 |
---------------+-------------+-----
Axes           | 3 4 5 |  5.1
Fighting       | 4 |  4.6
Armour         | 4 |  4.0
Throwing       | |  0.8
Shields        | |  3.2

Action                   |  1- 3 |  4- 6 || total
-------------------------+-------+-------++-------
Melee: War axe           |    86 |    84 ||   170
Throw: Dart              |       |     4 ||     4
  Use: Potion            |       |     2 ||     2
Armor: Scale mail        |    44 |    56 ||   100
Dodge: Dodged            |    28 |    28 ||    56
Block: Kite shield       |    47 |    46 ||    93

Table legend: (Time is in decaauts)
 A = Elapsed time spent in this place.
 B = Non-inter-level travel time spent in this place.
 C = Inter-level travel time spent in this place.
 D = Time resting spent in this place.
 E = Time spent auto-exploring this place.
 F = Levels seen in this place.
 G = Mean time per level.
                   A        B        C        D        E       F      G
               +--------+--------+--------+--------+--------+-----+--------+
         Total |   3004 |   2711 |    293 |    171 |   2034 |   4 |  751.0 |
       Dungeon |   3004 |   2711 |    293 |    171 |   2034 |   4 |  751.0 |
               +--------+--------+--------+--------+--------+-----+--------+

Top non-repeatable levels by time:
     D:2: 1250 daAuts
     D:1: 952 daAuts
     D:3: 761 daAuts
     D:4: 39 daAuts
